 Dungeon Crawl Stone Soup version 0.24-a0-445-gd5110b030a (webtiles) character file.

Game seed: 2103519889756756715

133441 ivs the Basher (level 17, -6/86 HPs)
             Began as a Vine Stalker Enchanter on June 22, 2019.
             Was the Champion of Kikubaaqudgha.
             Mangled by a spark wasp (7 damage)
             ... on level 4 of the Spider Nest on June 23, 2019.
             The game lasted 04:33:24 (15057 turns).

ivs the Basher (Vine Stalker Enchanter)            Turns: 15057, Time: 04:33:44

Health: -6/86      AC:  9    Str: 12 (13) XL:     17   Next: 14%
Magic:  0/43       EV: 23    Int: 24 (25) God:    Kikubaaqudgha [******]
Gold:   1492       SH:  0    Dex: 23      Spells: 7/39 levels left

rFire    . . .     SeeInvis .   a - +9 morningstar (pain)
rCold    . . .     Gourm    .   (no shield)
rNeg     . . .     Faith    .   (no armour)
rPois    +         Spirit   +   p - +3 hat of Pondering {ponderous, MR+ MP+10 Int+5}
rElec    .         Reflect  .   k - +1 cloak
rCorr    .         Harm     .   S - +2 pair of gloves {archery}
MR       +++..                  Z - +0 pair of boots {Fly}
Stlth    +++++.....             R - amulet of regeneration
HPRegen  1.44/turn              P - ring of poison resistance
MPRegen  0.28/turn              X - +3 ring of strength

@: agile, lethally poisoned (-6 -> -6), berserk cooldown, flying, very slightly
contaminated, hasted and slowed, slow
A: fangs 3, regeneration 2, magic shield, antimagic bite, no potion heal 3, rot
immunity
a: Receive Corpses, Torment, Renounce Religion, Stop Flying


You were on level 4 of the Spider Nest.
You worshipped Kikubaaqudgha.
Kikubaaqudgha was exalted by your worship.
You were hungry.

You visited 6 branches of the dungeon, and saw 29 of its levels.
You also visited: Gauntlet, Ice Cave and Volcano.

You collected 2249 gold pieces.
You spent 757 gold pieces at shops.

Inventory:

Hand Weapons
 a - a +9 morningstar of pain (weapon)
 b - a +1 dagger
 w - a +2 whip of electrocution
Armour
 g - a scarf of resistance
 k - a +1 cloak (worn)
 l - the +1 robe of Inviolability {rElec rF+ rN+ Int+4}
   (You found it on level 13 of the Dungeon)

   It affects your intelligence (+4).
   It protects you from fire.
   It insulates you from electricity.
   It protects you from negative energy.
 p - the +3 hat of Pondering (worn) {ponderous, MR+ MP+10 Int+5}
   (You took it off Gastronok on level 8 of the Dungeon)

   It affects your intelligence (+5).
   It affects your resistance to hostile enchantments.
   It affects your magic capacity (+10).
 x - the +4 ring mail of the End {rN++ MR+}
   (You found it on level 1 of the Lair of Beasts)

   It greatly protects you from negative energy.
   It affects your resistance to hostile enchantments.
 K - the +0 helmet of the Grey Skies {Dex+5 Stlth+}
   (You found it in a Gauntlet)

   It affects your dexterity (+5).
   It makes you more stealthy.
 N - +0 fire dragon scales
 S - a +2 pair of gloves of archery (worn)
 Z - a +0 pair of boots of flying (worn)
Jewellery
 A - an uncursed amulet of the acrobat
 C - an uncursed ring of protection from cold
 H - an uncursed ring of resist corrosion
 I - an uncursed ring of ice
 L - a +2 amulet of reflection
 P - a ring of poison resistance (left hand)
 R - an amulet of regeneration (around neck)
 X - a +3 ring of strength (right hand)
Wands
 o - a wand of digging (7)
 E - a wand of iceblast (6)
 M - a wand of paralysis (12)
Scrolls
 e - 4 scrolls of noise
 m - a scroll of silence
 n - a scroll of summoning
 t - 2 scrolls of magic mapping
 u - 2 scrolls of enchant armour
 v - 2 scrolls of blinking
 y - 15 scrolls of remove curse
 B - 2 scrolls of enchant weapon
 D - 3 scrolls of brand weapon
 O - 2 scrolls of identify
 Q - 5 scrolls of teleportation
 T - a scroll of fear
 U - 2 scrolls of fog
 Y - a scroll of vulnerability
Potions
 c - 3 potions of ambrosia
 f - a potion of resistance
 h - 4 potions of might
 i - 3 potions of lignification
 j - 3 potions of mutation
 q - 5 potions of brilliance
 r - 6 potions of curing
 z - a potion of magic
 F - 3 potions of flight
 J - 3 potions of haste
 V - a potion of berserk rage
Miscellaneous
 G - a lightning rod (4/4)
Comestibles
 d - 29 rations


   Skills:
 + Level 8.8 Fighting
 - Level 4.4 Short Blades
 + Level 14.0 Maces & Flails
 - Level 7.0 Armour
 - Level 7.0 Dodging
 - Level 7.1 Stealth
 + Level 11.9 Spellcasting
 - Level 7.1 Conjurations
 - Level 7.0 Hexes
 - Level 4.0 Charms
 - Level 12.0 Necromancy
 - Level 2.0 Translocations
 - Level 2.0 Fire Magic
 - Level 3.1 Ice Magic
 - Level 5.0 Evocations


You had 7 spell levels left.
You knew the following spells:

 Your Spells              Type           Power        Failure   Level  Hunger
a - Corona                Hex            #####..      1%          1    None
b - Bolt of Draining      Conj/Necr      ######....   2%          5    ###....
c - Confuse               Hex            #####...     1%          3    None
d - Dazzling Spray        Conj/Hex       #####.       1%          3    None
f - Conjure Flame         Conj/Fire      #####...     1%          3    None
g - Agony                 Necr           ######..     1%          5    ###....
h - Ensorcelled Hibernat  Hex/Ice        #####.       1%          2    None
l - Blink                 Tloc           N/A          3%          2    None
r - Regeneration          Chrm/Necr      ######....   1%          3    None
s - Sublimation of Blood  Necr           ######....   1%          2    None
t - Tukima's Dance        Hex            #####...     1%          3    None

Your spell library contained the following spells:

 Spells                   Type           Power        Failure   Level  Hunger
 Animate Skeleton         Necr           N/A          1%          1    None
 Apportation              Tloc           ###...       1%          1    None
 Confusing Touch          Hex            #####.       1%          1    None
 Magic Dart               Conj           ####         1%          1    None
 Pain                     Necr           ####         1%          1    None
 Searing Ray              Conj           #####.       1%          2    None
 Slow                     Hex            #####...     1%          2    None
 Dispel Undead            Necr           ######..     1%          5    ###....
 Fulminant Prism          Conj/Hex       #####.....   2%          4    None
 Iskenderun's Mystic Bla  Conj           #####...     2%          4    None
 Summon Small Mammal      Summ           ##..         4%          1    None
 Mephitic Cloud           Conj/Pois/Air  ####....     4%          3    None
 Gell's Gravitas          Tloc           ###.......   6%          3    None
 Call Imp                 Summ           ##......     7%          2    None
 Force Lance              Conj/Tloc      #####...     7%          4    None
 Borgnjor's Vile Clutch   Necr/Erth      #####.....   11%         5    ###....
 Metabolic Englaciation   Hex/Ice        #####.....   16%         5    ###....
 Yara's Violent Unravell  Hex/Tmut       ####......   28%         5    ###....
 Simulacrum               Ice/Necr       ######....   30%         6    #####..
 Petrify                  Tmut/Erth      ##......     41%         4    None


Dungeon Overview and Level Annotations

Branches:
Dungeon (15/15)            Temple (1/1) D:6            Lair (6/6) D:11
  Swamp (0/4) Lair:2       Spider (4/4) Lair:3        Slime (0/5) Lair:6
    Orc (2/2) D:12            Elf (1/3) Orc:2        Vaults (0/5) D:13
 Depths (0/5) D:15

Altars:
Ashenzari
Cheibriados
Dithmenos
Fedhas
Gozag
Hepliaklqana
Kikubaaqudgha
Makhleb
Nemelex Xobeh
Okawaru
Qazlal
Ru
Trog
Uskayaw
Vehumet
Wu Jian
Xom
Yredelemnul
Zin
The Shining One
Beogh
Jiyva

Shops:
D:6 [   Orc:2 [(!%

Portals:
Trove: D:10 (give 8 potions of haste)
Desolation: Elf:1

Annotations:
D:2 exclusion: upstairs
D:3 Ijyb, Jessica
D:6 Prince Ribbit
D:9 exclusion: ice statue
Lair:4 1 runed translucent door, Loge's ghost, journeyman TeAE
Spider:3 exclusion: upstairs


Innate Abilities, Weirdness & Mutations

You have razor-sharp teeth.
You heal very quickly.
When hurt, damage is shared between your health and your magic reserves.
Your bite disrupts and absorbs the magic of your enemies.
Potions cannot restore your health.
You are immune to rotting.


Message History

Okay, then.
Unknown command.
Casting: Bolt of Draining (safe; 2% risk of failure)
Confirm with . or Enter, or press ? or * to list all spells.
Aiming: Confuse (safe; 1% risk of failure)
Press: ? - help, Shift-Dir - straight line, f/p - spark wasp
Aim: a spark wasp (heavily wounded, poisoned, chance to defeat MR: 54%)
Okay, then.
Unknown command.
You feel agile all of a sudden.
You feel sick. The spark wasp completely misses you.
The spark wasp closely misses you.
You feel yourself speed up.
You feel sick. The spark wasp stings you. The spark wasp shocks you!
* * * LOW HITPOINT WARNING * * *
The spark wasp stings you!
* * * LOW HITPOINT WARNING * * *
The spark wasp shocks you!
You die...
Kikubaaqudgha rasps: "You have failed me!
Welcome... death!"

###.#..^...............^........
#...^..........^..............^.
##..^........^..................
#....^.........................^
*#.................^..(.........
###^........................†..^.
..#.^†.....................^.....
..###.#####^.....y.^.............
..^.###...##....@................
.......^...#.....................
.....^.....##........^...........
........^........................
.†.^....^...............^^.......
..^........(.^...................
<|^.[............................
.^^....<..........(......†.......
.^......†..........^.............


You could see a spark wasp.

Vanquished Creatures
  Arachne (Spider:4)
  Gastronok (D:8)
  3 ghost moths
  3 emperor scorpions
  An orc warlord (Orc:2)
  3 entropy weavers
  4 spark wasps
  A minotaur (Gauntlet)
  Fannar (Orc:1)
  7 hydras
  An ogre mage (D:15)
  2 vault guards (D:13)
  2 centaur warriors
  A catoblepas (Lair:6)
  6 two-headed ogres
  4 death yaks
  4 orc high priests (Orc:2)
  A deep elf knight (Orc:2)
  A fire crab (Volcano)
  A death drake (Gauntlet)
  A wizard (D:13)
  3 deep elf archers (Elf:1)
  An unseen horror (D:10)
  An ironbrand convoker (Elf:1)
  2 lindwurms
  3 orc knights (Orc:2)
  A necromancer (D:13)
  A spectral wolf spider (Gauntlet)
  9 deep elf magi
  3 orc sorcerers
  An ugly thing (D:14)
  9 orb spiders
  15 wolf spiders
  2 manticores (Lair:6)
  A cyclops (D:13)
  3 black mambas
  Maurice (D:8)
  18 elephants
  4 moths of wrath
  Joseph (D:10)
  A centaur zombie (Gauntlet)
  A centaur skeleton (D:15)
  7 spiny frogs
  A rime drake (Lair:2)
  3 komodo dragons
  A tengu conjurer (D:14)
  13 demonic crawlers
  6 meliai
  9 hornets
  10 polar bears
  6 trolls
  13 jumping spiders
  A saltling (Elf:1)
  20 blink frogs
  10 hippogriffs
  2 bog bodies (Lair:2)
  8 dream sheep
  An air elemental (Elf:1)
  A vampire (D:10)
  A wyvern (D:15)
  Sigmund (D:4)
  A fire elemental (Elf:1)
  21 tarantellas
  48 redbacks
  51 yaks
  5 fire bats (Volcano)
  2 basilisks
  19 humans (D:13)
  4 vampire mosquitoes (D:15)
  Grum (D:8)
  2 wargs (Orc:2)
  A steam dragon (Volcano)
  5 water moccasins
  3 hell hounds (Volcano)
  15 porcupines
  A hornet zombie (D:9)
  38 orc warriors
  3 ice beasts
  2 phantoms
  A sky beast (D:5)
  17 ogres
  2 eyes of draining
  5 boggarts (D:11)
  5 centaurs
  6 crocodiles
  23 wolves
  9 bullfrogs
  A big kobold (D:13)
  3 scorpions
  2 wyvern skeletons
  10 killer bees (D:10)
  9 howler monkeys
  5 crimson imps
  2 quasits
  5 lava snakes (Volcano)
  3 jellies
  3 hounds
  2 bullfrog skeletons
  27 orc priests
  21 orc wizards
  An iguana (D:11)
  8 worker ants
  A killer bee zombie (D:8)
  2 worker ant zombies
  3 gnolls (D:4)
  2 adders
  4 shadow imps
  12 white imps (Orc:1)
  2 ufetubi (D:9)
  An ooze (D:2)
  An adder skeleton (D:6)
  An adder zombie (D:5)
  3 worms
  5 leopard geckos
  110 orcs
  A ball python (D:1)
  A bat (D:3)
  3 giant cockroaches
  6 goblins
  10 hobgoblins
  3 jackals
  3 quokkas
  5 frilled lizards
  4 kobolds
  A leopard gecko skeleton (D:9)
  A quokka skeleton (D:5)
  5 rats
826 creatures vanquished.

Vanquished Creatures (collateral kills)
  A vault guard (D:13)
  A two-headed ogre (D:15)
  A neqoxec (Gauntlet)
  A human (D:13)
  A chaos spawn (Gauntlet)
  An adder (D:7)
  3 orcs
9 creatures vanquished.

Vanquished Creatures (others)
  A deep elf mage (Elf:1)
  A steam dragon (Volcano)
  7 dancing weapons
  An ogre (Orc:2)
  A centaur skeleton (D:10)
  An orc (D:7)
  A demonic plant (Gauntlet)
  4 fungi
  3 plants (Lair:4)
20 creatures vanquished.

Grand Total: 855 creatures vanquished

Notes
Turn   | Place    | Note
-------+----------+-------------------------------------------
     0 | D:1      | ivs the Vine Stalker Enchanter began the quest for the Orb.
     0 | D:1      | Reached XP level 1. HP: 9/9 MP: 4/4
    68 | D:1      | Reached skill level 1 in Short Blades
   218 | D:1      | Reached XP level 2. HP: 13/13 MP: 6/6
   222 | D:1      | Learned a level 2 spell: Ensorcelled Hibernation
   488 | D:2      | Reached skill level 1 in Maces & Flails
   488 | D:2      | Reached skill level 1 in Ice Magic
   547 | D:2      | Found a glowing golden altar of the Shining One.
   667 | D:2      | Noticed a sky beast
   693 | D:3      | Reached XP level 3. HP: 10/16 MP: 2/7
   765 | D:3      | Learned a level 3 spell: Confuse
   773 | D:3      | Noticed Jessica
   960 | D:3      | Noticed Ijyb
  1008 | D:3      | Found an ornate altar of the Wu Jian Council.
  1208 | D:4      | Noticed Sigmund
  1223 | D:4      | Killed Sigmund
  1223 | D:4      | Reached skill level 2 in Maces & Flails
  1223 | D:4      | Gained mutation: Your natural rate of healing is unusually
                  | fast. [Vine Stalker growth]
  1223 | D:4      | Reached XP level 4. HP: 21/21 MP: 4/8
  1223 | D:4      | Reached XP level 5. HP: 24/24 MP: 4/9
  1262 | D:4      | Found a snail-covered altar of Cheibriados.
  1276 | D:4      | Reached XP level 6. HP: 20/28 MP: 0/10
  1326 | D:4      | Learned a level 3 spell: Tukima's Dance
  1353 | D:4      | Reached skill level 3 in Maces & Flails
  1437 | D:4      | Found a sparkling altar of Nemelex Xobeh.
  1479 | D:4      | Found a blossoming altar of Fedhas.
  1582 | D:5      | Entered Level 5 of the Dungeon
  1743 | D:5      | Noticed a sky beast
  1759 | D:5      | Killed a sky beast
  1759 | D:5      | Reached skill level 5 in Hexes
  1759 | D:5      | Reached XP level 7. HP: 11/32 MP: 6/12
  1764 | D:5      | Learned a level 3 spell: Dazzling Spray
  1946 | D:5      | Reached skill level 1 in Conjurations
  1958 | D:6      | Noticed a two-headed ogre
  2074 | D:6      | Found a sacrificial altar of Ru.
  2092 | D:6      | Found a radiant altar of Vehumet.
  2099 | D:6      | Found a shadowy altar of Dithmenos.
  2115 | D:6      | Reached skill level 4 in Maces & Flails
  2192 | D:6      | Noticed Prince Ribbit
  2204 | D:5      | Gained mutation: You have razor-sharp teeth. [Vine Stalker
                  | growth]
  2204 | D:5      | Reached XP level 8. HP: 4/36 MP: 3/15
  2295 | D:6      | Upgraded the game from 0.24-a0-443-g80245de385 to
                  | 0.24-a0-445-gd5110b030a
  2454 | D:6      | Found Qeqan's Armour Emporium.
  2484 | D:6      | Killed a two-headed ogre
  2484 | D:6      | Reached XP level 9. HP: 21/39 MP: 3/16
  2492 | D:6      | Found a stormy altar of Qazlal.
  2610 | D:6      | Reached skill level 5 in Evocations
  2688 | D:6      | Found a staircase to the Ecumenical Temple.
  2958 | Temple   | Entered the Ecumenical Temple
  3060 | Temple   | Became a worshipper of Kikubaaqudgha
  3137 | D:7      | Reached skill level 1 in Fighting
  3206 | D:8      | Noticed Maurice
  3224 | D:8      | Killed Maurice
  3224 | D:8      | Reached skill level 5 in Maces & Flails
  3287 | D:8      | Noticed Gastronok
  3308 | D:8      | Killed Gastronok
  3308 | D:8      | Reached skill level 6 in Maces & Flails
  3308 | D:8      | Reached XP level 10. HP: 51/51 MP: 17/20
  3643 | D:8      | Noticed Grum
  3655 | D:8      | Killed Grum
  3655 | D:8      | Reached skill level 5 in Fighting
  3663 | D:8      | Reached * piety under Kikubaaqudgha
  3663 | D:8      | Identified Kikubaaqudgha's Collected Works on Sinister
                  | Rites (Kikubaaqudgha gifted it to you on level 8 of the
                  | Dungeon)
  3663 | D:8      | Received a gift from Kikubaaqudgha
  3681 | D:8      | Learned a level 3 spell: Regeneration
  3684 | D:8      | Learned a level 2 spell: Sublimation of Blood
  3776 | D:10     | Entered Level 10 of the Dungeon
  3884 | D:9      | Reached skill level 7 in Maces & Flails
  3974 | D:10     | Noticed Joseph
  4094 | D:9      | Reached skill level 1 in Necromancy
  4121 | D:9      | Reached skill level 1 in Charms
  4316 | D:10     | Reached XP level 11. HP: 34/55 MP: 14/22
  4332 | D:10     | Killed Joseph
  4336 | D:10     | Reached ** piety under Kikubaaqudgha
  4494 | D:10     | Found a portal to a secret trove of treasure.
  4576 | D:10     | Killed an unseen horror
  4592 | D:10     | Reached skill level 5 in Stealth
  4946 | D:11     | Noticed a cyclops
  5006 | D:12     | Reached *** piety under Kikubaaqudgha
  5006 | D:12     | Identified Kikubaaqudgha's Handbook of Stolen Souls
                  | (Kikubaaqudgha gifted it to you on level 12 of the Dungeon)
  5006 | D:12     | Received a gift from Kikubaaqudgha
  5042 | D:12     | Found a staircase to the Orcish Mines.
  5088 | D:12     | Noticed a deep elf mage
  5095 | D:12     | Killed a deep elf mage
  5315 | D:13     | Found a bloodstained altar of Trog.
  5347 | D:13     | Learned a level 5 spell: Bolt of Draining
  5501 | D:14     | Noticed a purple ugly thing
  5502 | D:14     | Noticed a purple ugly thing
  5534 | D:14     | Killed a purple ugly thing
  5534 | D:14     | Reached skill level 5 in Necromancy
  5545 | D:14     | Noticed a purple ugly thing
  5546 | D:14     | Noticed a purple ugly thing
  5732 | D:13     | Noticed a necromancer
  5732 | D:13     | Noticed a vault guard
  5732 | D:13     | Noticed a wizard
  5747 | D:13     | Killed a necromancer
  5775 | D:13     | Killed a vault guard
  5775 | D:13     | Gained mutation: You heal very quickly. [Vine Stalker
                  | growth]
  5775 | D:13     | Reached XP level 12. HP: 42/60 MP: 23/23
  5802 | D:13     | Reached skill level 5 in Conjurations
  5811 | D:13     | Noticed a vault guard
  5882 | D:13     | Killed a vault guard
  5890 | D:13     | Reached **** piety under Kikubaaqudgha
  6014 | D:13     | Found a gate to the Vaults.
  6079 | D:13     | Noticed a six-headed hydra
  6090 | D:13     | Killed a six-headed hydra
  6113 | D:13     | Noticed a vault guard
  6134 | D:13     | Killed a vault guard
  6202 | D:13     | Got a faintly glowing robe
  6214 | D:13     | Identified the +1 robe of Inviolability {rElec rF+ rN+
                  | Int+4} (You found it on level 13 of the Dungeon)
  6217 | D:14     | Noticed a centaur warrior
  6231 | D:14     | Killed a centaur warrior
  6297 | D:14     | You fall into a shaft and drop 1 floor!
  6297 | D:15     | Entered Level 15 of the Dungeon
  6369 | D:15     | Noticed an ogre mage
  6373 | D:15     | Noticed a two-headed ogre
  6379 | D:15     | Killed a two-headed ogre
  6391 | D:15     | Noticed a two-headed ogre
  6394 | D:15     | Noticed a two-headed ogre
  6397 | D:15     | Killed an ogre mage
  6412 | D:15     | Killed a two-headed ogre
  6416 | D:15     | Killed a two-headed ogre
  6446 | D:15     | Found a staircase to the Depths.
  6446 | D:15     | Noticed a fire giant
  6456 | D:15     | Reached XP level 13. HP: 67/67 MP: 26/26
  6594 | D:13     | Reached skill level 5 in Dodging
  6636 | D:13     | Reached ***** piety under Kikubaaqudgha
  7325 | D:11     | Found a staircase to the Lair.
  7527 | Orc:1    | Entered Level 1 of the Orcish Mines
  7617 | Orc:1    | Noticed Fannar
  7647 | Orc:1    | Killed Fannar
  7788 | Orc:1    | Found a frozen archway.
  7806 | IceCv    | Entered an ice cave
  7986 | IceCv    | Learned a level 3 spell: Conjure Flame
  8047 | IceCv    | Reached skill level 1 in Fire Magic
  8052 | IceCv    | Reached skill level 8 in Maces & Flails
  8164 | IceCv    | Reached ****** piety under Kikubaaqudgha
  8171 | IceCv    | Learned a level 5 spell: Agony
  8494 | Orc:2    | Entered Level 2 of the Orcish Mines
  9034 | Orc:2    | Found a roughly hewn altar of Beogh.
  9065 | Orc:2    | Reached XP level 14. HP: 60/73 MP: 17/28
  9125 | Orc:2    | Found Ukodor's Food Boutique.
  9154 | Orc:2    | Found Moshowk's Distillery.
  9166 | Orc:2    | Reached skill level 9 in Maces & Flails
  9211 | Orc:2    | Bought a potion of might for 44 gold pieces
  9211 | Orc:2    | Bought a potion of haste for 110 gold pieces
  9211 | Orc:2    | Bought a potion of berserk rage for 55 gold pieces
  9320 | Orc:2    | Noticed an orc warlord
  9334 | Orc:2    | Killed an orc warlord
  9385 | Orc:2    | Reached skill level 10 in Spellcasting
  9411 | Orc:2    | Found a roughly hewn altar of Beogh.
  9724 | Orc:2    | Found Jiukam's Antique Armour Shop.
  9789 | Orc:2    | Found Elivy's Weapon Boutique.
  9811 | Orc:2    | Bought a +6 morningstar of draining for 548 gold pieces
  9812 | Orc:2    | Identified a +8 morningstar of pain (a +6 morningstar of
                  | draining bloodied by Kikubaaqudgha)
  9812 | Orc:2    | Received a gift from Kikubaaqudgha
  9975 | Orc:2    | Found a staircase to the Elven Halls.
  9988 | Elf:1    | Entered Level 1 of the Elven Halls
  9988 | Elf:1    | Found a ruined gateway.
 10018 | Elf:1    | Reached skill level 10 in Necromancy
 10199 | Elf:1    | Reached skill level 10 in Maces & Flails
 10405 | Lair:1   | Entered Level 1 of the Lair of Beasts
 10481 | Lair:1   | Found a dark tunnel.
 10486 | Volcano  | Entered a volcano
 10566 | Volcano  | Learned a level 2 spell: Blink
 10591 | Volcano  | Reached skill level 1 in Translocations
 10605 | Volcano  | Found a radiant altar of Vehumet.
 10627 | Volcano  | Got a smoking longbow
 10645 | Volcano  | Identified the +4 longbow "Dakeok" {freeze, Int+2 Dex+4}
                  | (You found it in a volcano)
 10687 | Volcano  | Found a radiant altar of Vehumet.
 10844 | Lair:1   | Got a shimmering robe
 10855 | Lair:1   | Identified the +0 robe of Negation {*Corrode rC++ Slay+3}
                  | (You found it on level 1 of the Lair of Beasts)
 10920 | Lair:1   | Got a turquoise-encrusted ring mail
 10931 | Lair:1   | Identified the +4 ring mail of the End {rN++ MR+} (You
                  | found it on level 1 of the Lair of Beasts)
 11164 | Lair:2   | Reached skill level 1 in Armour
 11200 | Lair:2   | Found a staircase to the Swamp.
 11429 | Lair:3   | Reached skill level 11 in Maces & Flails
 11429 | Lair:3   | Reached XP level 15. HP: 48/77 MP: 29/30
 11517 | Lair:3   | Found a hole to the Spider Nest.
 11533 | Lair:3   | Found a gate leading to a gauntlet.
 11540 | Gauntlet | Entered a Gauntlet
 11540 | Gauntlet | Found a transporter.
 11540 | Gauntlet | Found a transporter.
 11540 | Gauntlet | Found a transporter.
 11541 | Gauntlet | Found a transporter.
 11544 | Gauntlet | Found a transporter.
 11544 | Gauntlet | Found a transporter.
 11554 | Gauntlet | Found a transporter.
 11558 | Gauntlet | Found a transporter.
 11558 | Gauntlet | Found a transporter.
 11558 | Gauntlet | Found a transporter.
 11568 | Gauntlet | Found a transporter.
 11568 | Gauntlet | Found a transporter.
 11691 | Gauntlet | Got a brightly glowing helmet
 11702 | Gauntlet | Identified the +0 helmet of the Grey Skies {Dex+5 Stlth+}
                  | (You found it in a Gauntlet)
 11744 | Gauntlet | Got a pitted diamond amulet
 11751 | Gauntlet | Identified the amulet of Qaune {Inacc rElec rF+} (You found
                  | it in a Gauntlet)
 11773 | Gauntlet | Identified the +1 flail of Mifuvu {crush, rC+ Int+3 Stlth+}
 11909 | Lair:4   | Found a runed translucent door.
 11910 | Lair:4   | Identified the +8 spear of Sharkskin {drain, *Noise rF++
                  | MR++}
 11913 | Lair:4   | Noticed Loge's ghost (journeyman TeAE)
 12064 | Lair:6   | Entered Level 6 of the Lair of Beasts
 12178 | Lair:6   | Reached skill level 5 in Armour
 12242 | Lair:6   | Reached skill level 12 in Maces & Flails
 12673 | Lair:6   | Found a staircase to the Slime Pits.
 12673 | Lair:6   | Found a viscous altar of Jiyva.
 12985 | Spider:1 | Entered Level 1 of the Spider Nest
 13099 | Spider:2 | Reached XP level 16. HP: 73/81 MP: 29/31
 13474 | Spider:3 | Reached skill level 13 in Maces & Flails
 13600 | Spider:2 | Got a crude leather armour
 13613 | Spider:2 | Identified the cursed +1 leather armour of the Moon Troll
                  | {rPois rF+ Int-5} (You found it on level 2 of the Spider
                  | Nest)
 13733 | Spider:4 | Entered Level 4 of the Spider Nest
 14079 | Spider:4 | Noticed Arachne
 14425 | Spider:4 | Killed Arachne
 14738 | Spider:4 | Reached XP level 17. HP: 57/86 MP: 10/33
 14862 | Spider:4 | Got a pitted chain mail
 14903 | Spider:3 | Identified the +6 chain mail "Casuag" {-Tele rN+ Str+3
                  | Dex+5} (You found it on level 4 of the Spider Nest)
 15040 | Spider:4 | Reached skill level 14 in Maces & Flails
 15057 | Spider:4 | HP: 4/86 [spark wasp (4)]
 15057 | Spider:4 | HP: 1/86 [spark wasp (3)]
 15057 | Spider:4 | Mangled by a spark wasp

Levels and vault maps discovered:
D:1:      grunt_arrival_lava_bath, layout_loops_corners
D:2:      layout_loops_ring, old_standard_altar, chequers_decorated_corner
D:3:      layout_loops_ring, lemuel_round_altar, elyvilon_altar_4, uniq_ijyb,
          uniq_jessica
D:4:      layout_rooms, fedhas_ov_isle_minmay, nicolae_overflow_hidden_temple,
          cheibriados_altar_1, first_ration, kennysheep_nondescript,
          uniq_crazy_yiuf_cottage, uniq_sigmund
D:5:      layout_rooms
D:6:      layout_rooms, nicolae_overflow_crystal_walls, vehumet_altar_wand_db,
          nicolae_ru_sacrificial_ziggurat, gammafunk_temple_overflow_elements,
          nicolae_qazlal_general_emergency, minmay_temple_entry_from_below_a,
          serial_shops, nicolae_shop_crystal, uniq_prince_ribbit1
D:7:      layout_basic
D:8:      layout_cave_pods, uniq_grum, uniq_gastronok, uniq_maurice, uniq_pikel
D:9:      cheibrodos_frozen_isle, layout_cave_pods
D:10:     layout_rooms, nicolae_trove_entry_crossroad, uniq_joseph
D:11:     layout_loops_ring, lair_entry_dummy
D:12:     layout_loops_ring, hiddenorc1_lemuel
D:13:     layout_loops_ring, grunt_vaults_entry_tiered, blue_anna_alchemist
          [blue_anna_fruit_fields, blue_anna_fruit_fields], grunt_ministairs_10,
          trog_ov_bears_minmay
D:14:     minmay_the_grid_octo_triangle [minmay_the_grid_octo_vomiting_pacman,
          minmay_the_grid_octo_prize_single_spiral,
          minmay_the_grid_octo_fat_diamond], layout_loops_ring,
          hangedman_abyss_or_decor_passed
D:15:     grunt_enter_depths_giant_problem, layout_cave_pools,
          gammafunk_ghost_fury_of_okawaru, tgw_lugonu_bribe
Temple:   dpeg_chambers_temple
Lair:1:   layout_chaotic_city, enter_volcano_4
Lair:2:   layout_regular_city, skrybe_swamp_entry_bodies, minivault_23
Lair:3:   layout_misc_corridors, dummy_spider_entry, basic_altar,
          gauntlet_entry_generic, beast_lair_carwin_1, serial_bayou_shore_a,
          grunt_megastairs_1, infiniplex_staircase_pool_2
Lair:4:   layout_roguey, ebering_ghost_funeral_grove
Lair:5:   onia_ninara_swampy_vault, layout_misc_corridors
Lair:6:   hangedman_lair_in_review, layout_regular_city, slime_altar_1
Spider:1: layout_spider_delve
Spider:2: layout_spider_delve
Spider:3: layout_spider_delve
Spider:4: guppyfry_spider_rune, uniq_arachne
Orc:1:    cheibrodos_orc_bank, layout_caves, portal_ice_cave_entry_imps,
          uniq_fannar
Orc:2:    pubby_orc_utopia
Elf:1:    layout_loops_corners, gammafunk_ghost_tricky_traps, serial_shops,
          shop, portal_desolation_entry_salt, minmay_elf_sorcery, moated_statue,
          minivault_14, minivault_28, uniq_donald, uniq_louise, uniq_jorgrun

Skill      XL: |  1  2  3  4  5  6  7  8  9 10 11 12 13 14 15 16 17 |
---------------+----------------------------------------------------+-----
Short Blades   | 1 4 |  4.4
Maces & Flails | 1 2 3 4 6 7 8 11 12 13 14 | 14.0
Ice Magic      | 1 2 3 |  3.1
Hexes          | 4 5 6 7 |  7.0
Spellcasting   | 3 4 6 7 8 9 10 11 | 11.9
Conjurations   | 2 4 7 |  7.1
Evocations     | 4 5 |  5.0
Fighting       | 4 5 7 8 |  8.8
Stealth        | 4 5 6 7 |  7.1
Necromancy     | 3 5 8 9 10 12 | 12.0
Charms         | 3 4 |  4.0
Dodging        | 4 6 7 |  7.0
Fire Magic     | 2 |  2.0
Translocations | 2 |  2.0
Armour         | 2 6 7 |  7.0

Action                   |  1- 3 |  4- 6 |  7- 9 | 10-12 | 13-15 | 16-18 || total
-------------------------+-------+-------+-------+-------+-------+-------++-------
Melee: Dagger            |    29 |    18 |    52 |    98 |    30 |       ||   227
       Whip              |    30 |    46 |   120 |   499 |   605 |       ||  1300
       Bite              |     7 |    14 |    40 |   152 |   329 |   120 ||   662
       Morningstar       |       |       |       |       |   499 |   410 ||   909
Throw: Dart              |       |       |     9 |     7 |    12 |     6 ||    34
 Cast: Corona            |     2 |     2 |       |       |       |       ||     4
       Ensorcelled Hiber |    28 |    14 |     9 |    60 |     8 |       ||   119
       Confuse           |     2 |       |    18 |    20 |     3 |     2 ||    45
       Tukima's Dance    |       |       |     8 |    15 |    11 |       ||    34
       Dazzling Spray    |       |       |     2 |    46 |    62 |    13 ||   123
       Regeneration      |       |       |       |     2 |     7 |    38 ||    47
       Bolt of Draining  |       |       |       |     2 |   149 |    86 ||   237
       Conjure Flame     |       |       |       |       |     1 |       ||     1
       Agony             |       |       |       |       |     1 |     2 ||     3
       Sublimation of Bl |       |       |       |       |       |    21 ||    21
Invok: Brand Weapon With |       |       |       |       |     1 |       ||     1
 Abil: Evoke Flight      |       |       |       |       |     1 |       ||     1
Evoke: Wand              |     1 |     4 |    12 |    17 |    15 |     7 ||    56
       Lightning rod     |       |       |       |       |       |     1 ||     1
  Use: Potion            |     1 |       |     1 |     3 |     2 |     8 ||    15
       Scroll            |       |     8 |     2 |    12 |    15 |     8 ||    45
 Stab: Sleeping          |    16 |     5 |     3 |    32 |    11 |     2 ||    69
       Confused          |     3 |       |     7 |    15 |     2 |       ||    27
       Invisible         |       |       |     5 |    17 |    24 |     1 ||    47
       Distracted        |       |       |       |       |     2 |     1 ||     3
  Eat: Chunk             |     3 |     3 |     8 |    12 |    43 |    15 ||    84
       Ration            |       |       |       |       |     1 |     2 ||     3
Armor: Skin              |     1 |     3 |       |       |       |    12 ||    16
       Robe              |       |     4 |    10 |    28 |   154 |    26 ||   222
       Troll leather arm |       |       |       |   155 |       |       ||   155
       Ring mail         |       |       |       |       |   256 |   338 ||   594
Dodge: Dodged            |    31 |    36 |    92 |   376 |   807 |   530 ||  1872

Table legend:
 A = Non-vault XP
 B = Vault XP
 C = Vault XP percentage of total XP
 D = Non-vault monster count
 E = Vault monster count
 F = Vault count percentage of total count
                 A         B        C        D         E       F
            +---------+---------+-------+---------+---------+-------
      Total |  106586 |   84044 |  44.1 |     483 |     356 |  42.4
            +---------+---------+-------+---------+---------+-------
        D:1 |      18 |       0 |   0.0 |      11 |       0 |   0.0
        D:2 |      15 |       0 |   0.0 |       6 |       0 |   0.0
        D:3 |      32 |       0 |   0.0 |      15 |       0 |   0.0
        D:4 |     258 |     208 |  44.6 |      13 |       1 |   7.1
        D:5 |     649 |       0 |   0.0 |      15 |       0 |   0.0
        D:6 |    1378 |       2 |   0.1 |      13 |       1 |   7.1
        D:7 |     679 |       0 |   0.0 |      18 |       0 |   0.0
        D:8 |     170 |    3496 |  95.4 |       7 |       7 |  50.0
        D:9 |    1530 |      16 |   1.0 |      27 |       2 |   6.9
       D:10 |    3132 |     445 |  12.4 |      33 |       1 |   2.9
       D:11 |    3817 |       0 |   0.0 |      26 |       0 |   0.0
       D:12 |     955 |     184 |  16.2 |       8 |      17 |  68.0
       D:13 |    3970 |    9002 |  69.4 |      14 |      30 |  68.2
       D:14 |    1916 |       0 |   0.0 |       5 |       0 |   0.0
       D:15 |    5289 |       0 |   0.0 |      19 |       0 |   0.0
     Lair:1 |    2200 |       0 |   0.0 |       4 |       0 |   0.0
     Lair:2 |    3005 |     522 |  14.8 |      16 |       2 |  11.1
     Lair:3 |    8815 |    1382 |  13.6 |      32 |       9 |  22.0
     Lair:4 |    6010 |       0 |   0.0 |      26 |       0 |   0.0
     Lair:5 |    4551 |       0 |   0.0 |      15 |       0 |   0.0
     Lair:6 |    6834 |   10777 |  61.2 |      19 |      21 |  52.5
   Spider:1 |     409 |       0 |   0.0 |       2 |       0 |   0.0
   Spider:2 |   11667 |       0 |   0.0 |      29 |       0 |   0.0
   Spider:3 |   18740 |    2595 |  12.2 |      44 |       4 |   8.3
   Spider:4 |   14730 |   16554 |  52.9 |      40 |      30 |  42.9
      Orc:1 |    1724 |    1627 |  48.6 |      19 |      36 |  65.5
      Orc:2 |       0 |   17818 | 100.0 |       0 |     125 | 100.0
      Elf:1 |    4093 |    4560 |  52.7 |       7 |       9 |  56.2
      IceCv |       0 |    7467 | 100.0 |       0 |      35 | 100.0
    Volcano |       0 |    3315 | 100.0 |       0 |      17 | 100.0
   Gauntlet |       0 |    4074 | 100.0 |       0 |       9 | 100.0
            +---------+---------+-------+---------+---------+-------
